 Dungeon Crawl Stone Soup version 0.30.0-5-g1a98f26d00 (webtiles) character file.

Game seed: 12486820948479305517

6657 retardedninja the Protected (level 11, -5/81 HPs)
             Began as a Gnoll Fire Elementalist on May 12, 2023.
             Was an Initiate of Cheibriados.
             Killed by divine providence
             ... invoked by an orc priest
              (13 damage)
             ... on level 9 of the Dungeon.
             The game lasted 00:18:54 (14383 turns).

retardedninja the Protected (GnFE)                 Turns: 14383, Time: 00:18:55

Health: -5/81      AC:  8    Str:  9    XL:     11   Next: 3%
Magic:  5/23       EV: 15    Int: 20    God:    Cheibriados [......]
Gold:   608        SH:  0    Dex: 13    Spells: 16/26 levels left

rFire   . . .        x - +3 scythe (venom)
rCold   . . .        (shield currently unavailable)
rNeg    . . .        a - +0 robe
rPois   .            g - +1 helmet
rElec   .            (no cloak)
rCorr   .            h - +0 pair of gloves
SInv    .            F - +1 pair of boots
Will    .....        (no amulet)
Stlth   ++++         z - ring of flight
HPRegen 0.33/turn    (no ring)
MPRegen 0.18/turn

%: no passive effects
@: brilliant, flying, studying Armour, very slow
A: fangs 1, strong nose, distributed training
a: Renounce Religion


You were on level 9 of the Dungeon.
You worshipped Cheibriados.
Cheibriados was noncommittal.
You visited 2 branches of the dungeon, and saw 10 of its levels.
You also visited: Sewer.

You collected 608 gold pieces.

Inventory:

Hand Weapons
 x - a +3 scythe of venom (weapon)
Armour
 a - a +0 robe (worn)
 g - a +1 helmet (worn)
 h - a +0 pair of gloves (worn)
 j - quicksilver dragon scales
 E - the +0 kite shield of Dithmenos, Lusting {Int+4}
   (You found it on level 7 of the Dungeon)

   Int:       It affects your intelligence (+4).
 F - a +1 pair of boots (worn)
 K - a +0 troll leather armour
Jewellery
 z - a ring of flight (left hand)
 J - a ring of see invisible
Wands
 s - a wand of flame (16)
 u - a wand of charming (5)
 H - a wand of digging (2)
Scrolls
 d - a scroll of torment
 o - a scroll of teleportation
 t - 4 scrolls of poison
 y - 2 scrolls of amnesia
Potions
 b - a potion of magic
 e - a potion of berserk rage
 f - 6 potions of attraction
 i - 3 potions of brilliance
 k - 4 potions of curing
 n - a potion of might {unknown}
 p - a potion of haste {unknown}
 r - 3 potions of degeneration
 A - 2 potions of ambrosia
 G - a potion of flight {unknown}


   Skills:
 + Level 6.1 Fighting
 + Level 6.1 Short Blades
 + Level 6.1 Long Blades
 + Level 6.1 Axes
 + Level 6.1 Maces & Flails
 + Level 6.1 Polearms
 + Level 6.1 Staves
 + Level 6.1 Ranged Weapons
 + Level 6.1 Throwing
 + Level 8.0 Armour
 + Level 7.7 Dodging
 + Level 7.4 Stealth
 + Level 6.1 Shields
 + Level 6.1 Unarmed Combat
 + Level 8.0 Spellcasting
 + Level 5.5 Conjurations
 + Level 5.0 Hexes
 + Level 5.0 Summonings
 + Level 5.0 Necromancy
 + Level 5.0 Translocations
 + Level 5.0 Transmutations
 + Level 7.5 Fire Magic
 + Level 5.0 Ice Magic
 + Level 5.0 Air Magic
 + Level 5.0 Earth Magic
 + Level 5.0 Poison Magic
 + Level 6.6 Invocations
 + Level 6.1 Evocations


You had 16 spell levels left.
You knew the following spells:

 Your Spells              Type           Power      Damage    Failure   Level
a - Foxfire               Conj/Fire      100%       2x1d9     1%          1
b - Scorch                Fire           100%       2d9       1%          2
c - Flame Wave            Conj/Fire      50%        2d12      6%          4
d - Inner Flame           Hex/Fire       49%        N/A       1%          3

Your spell library contained the following spells:

 Spells                   Type           Power      Damage    Failure   Level
 Sandblast                Erth           84%        2d18      1%          1
 Passwall                 Tmut/Erth      35%        N/A       1%          2
 Static Discharge         Conj/Air       86%        2-6/arc   1%          2
 Volatile Blastmotes      Fire/Tloc      98%        2d18      1%          3
 Ozocubu's Armour         Ice            42%        N/A       3%          3
 Stone Arrow              Conj/Erth      86%        3d12      3%          3
 Vhi's Electric Charge    Tloc/Air       84%        N/A       3%          3
 Airstrike                Air            21%        2d(3-19)  11%         4
 Anguish                  Hex/Necr       21%        N/A       11%         4
 Summon Lightning Spire   Summ/Air       42%        N/A       11%         4
 Arcjolt                  Conj/Air       21%        1d31      26%         5
 Irradiate                Conj/Tmut      21%        3d18      26%         5
 Blade Hands              Tmut           21%        N/A       30%         5
 Plasma Beam              Fire/Air       24%        2x1d40    69%         6
 Dragon Form              Tmut           21%        N/A       100%        7
 Enfeeble                 Hex            21%        N/A       100%        7
 Ozocubu's Refrigeration  Ice            21%        4d12      100%        7
 Maxwell's Capacitive Co  Air            21%        ∞         100%        8


Dungeon Overview and Level Annotations

Branches:
Dungeon (9/15)             Temple (1/1) D:7           Sewer (visited)
   Lair: D:8-11         Orc: D:9-12

Altars:
Ashenzari
Cheibriados
Dithmenos
Elyvilon
Fedhas
Gozag
Hepliaklqana
Kikubaaqudgha
Makhleb
Nemelex Xobeh
Okawaru
Qazlal
Ru
Sif Muna
Trog
Uskayaw
Vehumet
Wu Jian
Xom
Yredelemnul
Zin
The Shining One

Annotations:
D:7 3 runed translucent doors, mnelsen79's ghost, novice MiBe
D:8 2 runed translucent doors, exclusion: orange crystal statue


Innate Abilities, Weirdness & Mutations

You have very sharp teeth.
Your uncanny sense of smell can sniff out nearby items.
Your experience applies equally to all skills.


Message History

The yak is moderately wounded.
The yak's fire resistance burns away.
Your yak gores the troll!
The troll dies!
Cheibriados appreciates the change of pace.
Your yak barely misses the yak. x2; The yak gores your kobold brigand.
Your Armour skill increases to level 8!
Your Hexes skill increases to level 5!
Your Summonings skill increases to level 5!
Your Necromancy skill increases to level 5!
Your Translocations skill increases to level 5!
Your Transmutations skill increases to level 5!
Your Ice Magic skill increases to level 5!
Your Air Magic skill increases to level 5!
Your Earth Magic skill increases to level 5!
Your Poison Magic skill increases to level 5!
You have reached level 11!
Unknown command.
You swap places.
Your kobold brigand hits the yak with a +0 dagger!
Your yak gores the yak.
Your yak gores the yak!
The orc priest mumbles some strange prayers to Beogh against you.
Beogh smites you!
* * * LOW HITPOINT WARNING * * *
The yak barely misses your kobold brigand.
Your kobold brigand hits the yak with a +0 dagger.
Your yak barely misses the yak.
Your yak gores the yak!
The yak dies!
Cheibriados appreciates the change of pace.
Your yak barely misses the hornet.
Your yak gores the hornet but does no damage.
Your kobold brigand hits the hornet with a +0 dagger.
Your Spellcasting skill increases to level 8!
The hornet stings your kobold brigand!
Your kobold brigand seems to slow down.
The hornet stings your kobold brigand.
Your kobold brigand is poisoned.
Your kobold brigand seems to slow down.
Your kobold brigand closely misses the hornet.
Your yak gores the hornet!
Your yak gores the hornet.
The orc priest calls down the wrath of Beogh upon you.
Beogh smites you!
You die...

#####.##########
####### #..# # #.## .
#.# # #.#
####'###########
#.............K# .
#............KY####....
+.........@..YKyo...#
#.<..........DY####.#
################


You could see a hornet (distracted, ally target), an orc priest, 3 friendly
yaks, a friendly steam dragon (summoned), a friendly kobold brigand (summoned,
very poisoned, slow) and 2 friendly kobolds.

Vanquished Creatures
  Pikel (D:7)
  A gargoyle (D:7)
  Psyche (D:8)
  A troll (D:9)
  A hornet (D:7)
  Sigmund (D:2)
  6 yaks (D:9)
  4 wyverns (D:9)
  A basilisk (D:9)
  A steam dragon (D:7)
  An acid dragon (D:8)
  4 water moccasins (D:9)
  An ice beast (D:7)
  2 sky beasts
  A black bear (D:4)
  A centaur (D:5)
  3 lemures
  2 kobold brigands (Sewer)
  2 bullfrogs
  2 scorpions
  5 wights (D:8)
  2 killer bees (D:7)
  3 howler monkeys
  5 hounds
  A jelly (D:6)
  4 orc priests
  A sleepcap (D:7)
  4 iguanas
  7 orc wizards
  Robin (D:2)
  A gnoll (D:1)
  2 river rats (Sewer)
  17 adders
  4 white imps
  2 worms
  3 dart slugs
  17 orcs
  8 bats
  2 endoplasms
  6 giant cockroaches
  19 goblins
  9 hobgoblins
  A jackal (D:2)
  7 quokkas
  15 ball pythons
  24 kobolds
  18 rats
225 creatures vanquished.

Vanquished Creatures (collateral kills)
  A troll (D:9)
  A yak (D:9)
  A kobold brigand (D:7)
  A killer bee (D:7)
  A sleepcap (D:7)
  An iguana (D:7)
  An orc (D:5)
  10 foxfires (D:1)
17 creatures vanquished.

Vanquished Creatures (others)
  A yak (D:9)
  2 orc wizards (D:5)
  808 foxfires
811 creatures vanquished.

Grand Total: 1053 creatures vanquished

Notes
Turn   | Place    | Note
-------+----------+-------------------------------------------
     0 | D:1      | retardedninja the Gnoll Fire Elementalist began the quest
                  | for the Orb.
     0 | D:1      | Reached XP level 1. HP: 13/13 MP: 6/6
   294 | D:1      | Reached XP level 2. HP: 15/19 MP: 4/7
   366 | D:1      | Learned a level 2 spell: Scorch
  1183 | D:1      | Reached skill level 5 in Spellcasting
  1183 | D:1      | Reached XP level 3. HP: 25/25 MP: 6/9
  1323 | D:1      | Reached skill level 1 in Invocations
  1655 | D:2      | Reached skill level 1 in Fighting
  1655 | D:2      | Reached skill level 1 in Short Blades
  1655 | D:2      | Reached skill level 1 in Long Blades
  1655 | D:2      | Reached skill level 1 in Axes
  1655 | D:2      | Reached skill level 1 in Maces & Flails
  1655 | D:2      | Reached skill level 1 in Polearms
  1655 | D:2      | Reached skill level 1 in Staves
  1655 | D:2      | Reached skill level 1 in Ranged Weapons
  1655 | D:2      | Reached skill level 1 in Throwing
  1655 | D:2      | Reached skill level 1 in Armour
  1655 | D:2      | Reached skill level 1 in Shields
  1655 | D:2      | Reached skill level 1 in Unarmed Combat
  1655 | D:2      | Reached skill level 1 in Evocations
  1662 | D:2      | Noticed Robin
  1667 | D:2      | Killed Robin
  1668 | D:2      | Reached XP level 4. HP: 32/32 MP: 1/11
  2279 | D:2      | Reached skill level 1 in Hexes
  2279 | D:2      | Reached skill level 1 in Summonings
  2279 | D:2      | Reached skill level 1 in Necromancy
  2279 | D:2      | Reached skill level 1 in Translocations
  2279 | D:2      | Reached skill level 1 in Transmutations
  2279 | D:2      | Reached skill level 1 in Ice Magic
  2279 | D:2      | Reached skill level 1 in Air Magic
  2279 | D:2      | Reached skill level 1 in Earth Magic
  2279 | D:2      | Reached skill level 1 in Poison Magic
  2456 | D:2      | Noticed Sigmund
  2465 | D:2      | Killed Sigmund
  2466 | D:2      | Reached XP level 5. HP: 38/38 MP: 3/12
  2466 | D:2      | Reached XP level 6. HP: 44/44 MP: 3/14
  2746 | D:2      | Reached skill level 5 in Dodging
  2844 | D:3      | Found a glowing drain.
  2939 | Sewer    | Entered a sewer
  3693 | Sewer    | Reached XP level 7. HP: 36/51 MP: 2/15
  4828 | D:3      | Reached skill level 5 in Stealth
  6529 | D:5      | Entered Level 5 of the Dungeon
  6768 | D:5      | Reached XP level 8. HP: 58/58 MP: 14/16
  7477 | D:5      | Found a shadowy altar of Dithmenos.
  7930 | D:5      | Found a bloodstained altar of Trog.
  8612 | D:6      | Found a sparkling altar of Nemelex Xobeh.
  9541 | D:7      | Identified the +0 kite shield of Dithmenos, Lusting {Int+4}
  9542 | D:7      | Noticed a hornet
  9550 | D:7      | Killed a hornet
  9551 | D:7      | Reached XP level 9. HP: 59/65 MP: 7/18
  9652 | D:7      | Reached skill level 5 in Armour
 10053 | D:7      | Learned a level 4 spell: Flame Wave
 10935 | D:7      | Found a staircase to the Ecumenical Temple.
 10956 | Temple   | Entered the Ecumenical Temple
 11502 | D:7      | Noticed a gargoyle
 11521 | D:7      | Killed a gargoyle
 11522 | D:7      | Reached skill level 5 in Invocations
 11587 | D:7      | Found a runed translucent gate.
 11587 | D:7      | Found a runed translucent gate.
 11587 | D:7      | Found a runed translucent gate.
 11587 | D:7      | Noticed mnelsen79's ghost (novice MiBe)
 11796 | D:8      | Noticed Psyche
 11801 | D:8      | Killed Psyche
 12041 | D:8      | Noticed Pikel
 12079 | D:7      | Killed Pikel
 12080 | D:7      | Reached skill level 5 in Fighting
 12080 | D:7      | Reached skill level 5 in Short Blades
 12080 | D:7      | Reached skill level 5 in Long Blades
 12080 | D:7      | Reached skill level 5 in Axes
 12080 | D:7      | Reached skill level 5 in Maces & Flails
 12080 | D:7      | Reached skill level 5 in Polearms
 12080 | D:7      | Reached skill level 5 in Staves
 12080 | D:7      | Reached skill level 5 in Ranged Weapons
 12080 | D:7      | Reached skill level 5 in Throwing
 12080 | D:7      | Reached skill level 5 in Shields
 12080 | D:7      | Reached skill level 5 in Unarmed Combat
 12080 | D:7      | Reached skill level 5 in Evocations
 12080 | D:7      | Reached XP level 10. HP: 55/74 MP: 2/20
 12513 | D:8      | Learned a level 3 spell: Inner Flame
 12986 | D:8      | Found the +10 tower shield of Ignorance {rN+ Int-4}
 12991 | D:8      | Found a runed translucent door.
 12998 | D:8      | Noticed an orange crystal statue
 13091 | D:8      | Found a runed translucent door.
 13129 | D:8      | Found an opulent altar of Gozag.
 13135 | D:8      | Found a snail-covered altar of Cheibriados.
 13138 | D:8      | Found a broken altar of Ashenzari.
 13146 | D:8      | Became a worshipper of Cheibriados the Contemplative
 13454 | D:9      | Reached skill level 5 in Conjurations
 14381 | D:9      | Reached skill level 5 in Hexes
 14381 | D:9      | Reached skill level 5 in Summonings
 14381 | D:9      | Reached skill level 5 in Necromancy
 14381 | D:9      | Reached skill level 5 in Translocations
 14381 | D:9      | Reached skill level 5 in Transmutations
 14381 | D:9      | Reached skill level 5 in Ice Magic
 14381 | D:9      | Reached skill level 5 in Air Magic
 14381 | D:9      | Reached skill level 5 in Earth Magic
 14381 | D:9      | Reached skill level 5 in Poison Magic
 14381 | D:9      | Reached XP level 11. HP: 17/81 MP: 4/22
 14383 | D:9      | Killed from afar by an orc priest

Illustrated notes

Levels and vault maps discovered:
D:1:      roderic_crop_circles_arrival_large, layout_loops_corners
D:2:      layout_rooms, minmay_between, uniq_sigmund, uniq_robin
D:3:      layout_basic, gup_sewer_entry_glass
D:4:      layout_loops_cross
D:5:      layout_loops_ring, mainiacjoe_overflow_swirl, minmay_manual_mullet
D:6:      layout_basic, nemelex_diamond_rough_becter
D:7:      layout_loops_cross, minmay_temple_entry_large_hall,
          gammafunk_ghost_nasty_kobolds, minmay_starry_boxes
D:8:      layout_rooms, minmay_overflow_temple_star_quad,
          chequers_guarded_unrand_ignorance, uniq_psyche, uniq_pikel
D:9:      layout_roguey, minmay_lair_entry_grove, st_stairs_3
Temple:   nicolae_temple_superstar

Skill      XL: |  1  2  3  4  5  6  7  8  9 10 11 |
---------------+----------------------------------+-----
Conjurations   | 2 3 4 5 |  5.5
Spellcasting   | 5 6 7 8 |  8.0
Invocations    | 1 2 3 4 5 6 |  6.6
Fighting       | 1 2 3 4 5 6 |  6.1
Short Blades   | 1 2 3 4 5 6 |  6.1
Long Blades    | 1 2 3 4 5 6 |  6.1
Axes           | 1 2 3 4 5 6 |  6.1
Maces & Flails | 1 2 3 4 5 6 |  6.1
Polearms       | 1 2 3 4 5 6 |  6.1
Staves         | 1 2 3 4 5 6 |  6.1
Ranged Weapons | 1 2 3 4 5 6 |  6.1
Throwing       | 1 2 3 4 5 6 |  6.1
Armour         | 1 2 3 4 6 8 |  8.0
Shields        | 1 2 3 4 5 6 |  6.1
Unarmed Combat | 1 2 3 4 5 6 |  6.1
Evocations     | 1 2 3 4 5 6 |  6.1
Hexes          | 1 2 3 4 5 |  5.0
Summonings     | 1 2 3 4 5 |  5.0
Necromancy     | 1 2 3 4 5 |  5.0
Translocations | 1 2 3 4 5 |  5.0
Transmutations | 1 2 3 4 5 |  5.0
Ice Magic      | 1 2 3 4 5 |  5.0
Air Magic      | 1 2 3 4 5 |  5.0
Earth Magic    | 1 2 3 4 5 |  5.0
Poison Magic   | 1 2 3 4 5 |  5.0
Dodging        | 5 6 7 |  7.7
Stealth        | 5 6 7 |  7.4
Fire Magic     | 6 7 |  7.5

Action                     |  1- 3 |  4- 6 |  7- 9 | 10-12 || total
---------------------------+-------+-------+-------+-------++-------
  Melee: Unarmed           |     8 |     2 |       |       ||    10
         Mace              |       |     4 |       |       ||     4
         Punch             |       |     1 |       |       ||     1
         Halberd           |       |       |    47 |     6 ||    53
         Bite              |       |       |     9 |     3 ||    12
   Cast: Foxfire           |    75 |   141 |   252 |    44 ||   512
         Scorch            |     4 |    11 |    69 |    19 ||   103
         Flame Wave        |       |       |     9 |    10 ||    19
  Evoke: Wand              |       |       |     6 |     1 ||     7
    Use: Scroll            |       |       |     7 |    16 ||    23
         Potion            |       |       |     4 |     6 ||    10
   Stab: Invisible         |       |       |     1 |       ||     1
 Armour: Robe              |    10 |     8 |    28 |    15 ||    61
  Dodge: Dodged            |    34 |    28 |   104 |    69 ||   235
